 Dungeon Crawl Stone Soup version 0.30.1-11-g7821555f0a (webtiles) character file.

Game seed: 10088588693169377312

50 booth the Chopper (level 3, -4/28 HPs)
             Began as a Demonspawn Gladiator on Dec 24, 2023.
             Slain by a goblin
             ... wielding a +0 club
             ... led by Robin
              (6 damage)
             ... on level 2 of the Dungeon.
             The game lasted 00:07:28 (1052 turns).

booth the Chopper (Demonspawn Gladiator)            Turns: 1052, Time: 00:07:29

Health: -4/28      AC:  5    Str: 16    XL:     3   Next: 55%
Magic:  3/3        EV: 12    Int:  9    God:
Gold:   63         SH:  0    Dex: 14    Spells: 2/2 levels left

rFire   . . .        a - +0 war axe
rCold   . . .        (no shield)
rNeg    . . .        b - +0 leather armour
rPois   .            j - +2 hat
rElec   .            (no cloak)
rCorr   .            (no gloves)
SInv    .            (no boots)
Will    .....        (no amulet)
Stlth   +            (no ring)
HPRegen 0.24/turn    (no ring)
MPRegen 0.16/turn

%: no passive effects
@: lethally poisoned (-4 -> -11)
A: magic regeneration
a: no special abilities


You were on level 2 of the Dungeon.
You visited 1 branch of the dungeon, and saw 2 of its levels.

You collected 63 gold pieces.

Inventory:

Hand Weapons
 a - a +0 war axe (weapon)
Missiles
 d - 3 throwing nets (quivered)
 e - a javelin
 m - 3 poisoned darts
Armour
 b - a +0 leather armour (worn)
 c - a +0 helmet
 j - a +2 hat (worn)
 n - a +0 ring mail
Scrolls
 l - a scroll of fog
 o - 3 scrolls of vulnerability {unknown}
Potions
 f - a potion of cancellation {unknown}
 g - 2 potions of flight
 h - a potion of invisibility
 i - a potion of curing {unknown}
 k - a potion of heal wounds {unknown}
 p - a potion of mutation {unknown}


   Skills:
 + Level 2.5 Fighting
 * Level 3.4 Axes
 + Level 2.3 Throwing
 - Level 2.8 Dodging


You had 2 spell levels left.
You didn't know any spells.
Your spell library was empty.

Dungeon Overview and Level Annotations

Branches:
Dungeon (2/15)

Altars:

Annotations:
D:2 Robin


Innate Abilities, Weirdness & Mutations

You regenerate magic rapidly.


Message History

A goblin comes into view. It is wielding a +0 dagger.
You see here a +0 dagger.
You closely miss the goblin. The goblin closely misses you.
You closely miss the goblin.
The goblin hits you with a +1 dagger of venom.
A goblin comes into view. It is wielding a +0 club.
You closely miss the goblin.
The goblin shouts!
You hear a shout! x2
The goblin hits you but does no damage.
You are poisoned.
The goblin hits you but does no damage.
You closely miss the goblin.
You feel very sick.
The goblin hits you with a +1 dagger of venom.
Robin of the Strong Arm comes into view.
They are wielding a +0 trident.
You barely miss the goblin.
You feel sick. The goblin misses you.
You hit the goblin.
The goblin is severely wounded.
You feel sick. The goblin hits you but does no damage.
Robin roars a battlecry!
The goblins go into a battle-frenzy!
A goblin comes into view. It is wielding a +0 club.
The goblin hits you with a +1 dagger of venom.
You are lethally poisoned!
You hear a shout!
You slash the goblin!
You kill the goblin!
You feel very sick.
A hobgoblin comes into view.
A goblin comes into view. It is wielding a +0 club.
* * * LOW HITPOINT WARNING * * *
You feel very sick.
Robin says, "A pitiful Demonspawn like you will never find the ORB!"
Robin throws the goblin at you!
You closely miss the goblin. x2
* * * LOW HITPOINT WARNING * * *
You feel sick. The goblin hits you with a +0 club.
* * * LOW HITPOINT WARNING * * *
The goblin hits you with a +0 club.
You die...

#.. #.. ### #..
... # . #.. .. .#
#.. #.###.. #..
....
...##.g####.###.#
.8gg.gggg@g.....#
..g########.#####
#.# #.# #.# #.#
#.# #.# #.#


You could see Robin, a hobgoblin (strong) and 7 goblins.

Vanquished Creatures
  2 adders (D:2)
  A dart slug (D:2)
  A bat (D:1)
  2 endoplasms
  2 giant cockroaches (D:1)
  4 jackals
  3 kobolds (D:1)
  2 quokkas (D:1)
  3 ball pythons
  5 goblins
  3 rats
28 creatures vanquished.

Notes
Turn   | Place    | Note
-------+----------+-------------------------------------------
     0 | D:1      | booth the Demonspawn Gladiator began the quest for the Orb.
     0 | D:1      | Reached XP level 1. HP: 16/16 MP: 1/1
   381 | D:1      | Gained mutation: You regenerate magic rapidly. [demonic
                  | ancestry]
   381 | D:1      | Reached XP level 2. HP: 22/22 MP: 2/2
   572 | D:1      | Reached skill level 3 in Axes
   724 | D:2      | Reached XP level 3. HP: 16/28 MP: 3/3
  1047 | D:2      | Noticed Robin
  1052 | D:2      | Slain by a goblin

Illustrated notes

Levels and vault maps discovered:
D:1:      nzn_arrival_water_spiral, layout_rooms
D:2:      wad_crossroads, layout_basic, uniq_robin

Skill      XL: |  1  2 |
---------------+-------+-----
Throwing       | 2 |  2.3
Axes           | 3 |  3.4
Fighting       | |  2.5
Dodging        | |  2.8

Action                     || total
---------------------------++-------
  Melee: War axe           ||    82
    Use: Scroll            ||     2
         Potion            ||     1
 Armour: Leather armour    ||    48
  Dodge: Dodged            ||    81
